 Dungeon Crawl Stone Soup version 0.30-b1-2-g02819fbbbe (webtiles) character file.

Game seed: 14584528725784391103

164 Alarkh the Ruffian (level 5, 39/42 HPs)
             Began as a Demonspawn Chaos Knight on May 21, 2023.
             Was a Plaything of Xom.
             Got out of the dungeon alive.
             The game lasted 00:02:03 (1526 turns).

Alarkh the Ruffian (Demonspawn Chaos Knight)        Turns: 1526, Time: 00:02:03

Health: 39/42      AC:  6    Str: 13    XL:     5   Next: 21%
Magic:  5/5        EV: 14    Int: 15    God:    Xom [...*..]
Gold:   92         SH:  0    Dex: 12    Spells: 4/4 levels left

rFire   . .          .
                       - Unarmed
rCold   . . .        (no shield)
rNeg    . . .        a - +2 leather armour
rPois   .            (no helmet)
rElec   .            i - +0 cloak
rCorr   +            (no gloves)
SInv    .            (no boots)
Will    .....        (no amulet)
Stlth   +            g - ring of resist corrosion
HPRegen 0.27/turn    (no ring)
MPRegen 0.09/turn

%: no passive effects
@: no status effects
A: repulsion field 1, demonic touch 1
a: Renounce Religion


You escaped.
You worshipped Xom.
You were a favourite toy of Xom.
You visited 1 branch of the dungeon, and saw 3 of its levels.

You collected 92 gold pieces.

Inventory:

Armour
 a - a +2 leather armour (worn)
 i - a +0 cloak (worn)
Magical Staves
 j - a staff of air
Jewellery
 d - a ring of positive energy
 e - a ring of fire
 g - a ring of resist corrosion (left hand)
 k - a ring of flight
Scrolls
 l - a scroll of brand weapon {unknown}
 m - a scroll of immolation {unknown}
 p - a scroll of blinking {unknown}
 q - 2 scrolls of vulnerability {unknown}
 r - a scroll of identify
Potions
 c - a potion of invisibility
 f - 2 potions of heal wounds {unknown}
 h - 3 potions of curing {unknown}
 n - a potion of flight {unknown}
 o - 3 potions of haste {unknown}
Miscellaneous
 b - a piece from Xom's chessboard (15/15) (quivered)


   Skills:
 + Level 3.9 Fighting
 - Level 1.7 Armour
 + Level 2.3 Dodging
 * Level 4.3 Unarmed Combat


You had 4 spell levels left.
You didn't know any spells.
Your spell library contained the following spells:

 Spells                   Type           Power      Damage    Failure   Level
 Kiss of Death            Conj/Necr      0%         2d5       34%         1
 Confusing Touch          Hex            0%         N/A       71%         3
 Dispel Undead            Necr           0%         3d6       98%         4


Dungeon Overview and Level Annotations

Branches:
Dungeon (3/15)

Altars:
Ashenzari


Innate Abilities, Weirdness & Mutations

You are surrounded by a mild repulsion field. (EV +2)
Your touch may inflict minor irresistible damage on your foes.


Message History

The goblin misses you.
You barely miss the goblin. Your touch misses the goblin.
The goblin is severely wounded.
The goblin closely misses you.
You closely miss the goblin.
The goblin is severely wounded.
The goblin closely misses you.
You catch the helpless goblin completely off-guard!
You punch the goblin!
You kill the goblin!
Things that are here:
a +0 dagger; a +0 sling
Items here: ( ))) ††.
Things that are here:
a +0 club; a +0 giant spiked club; an ogre corpse
There is an open door, spattered with blood here.
Things that are here:
a +0 dagger; a goblin corpse
Items here: )) ††.
You flicker for a moment.
You flicker back into view.
A dart slug comes into view.
You can't go up here!
There is a stone staircase leading up here.
You climb upwards.
There is a stone staircase leading down here.
(D) Dungeon
Where to? (Enter - D:3 @ (x,y), ? - help)
There is a stone staircase leading up here.
You climb upwards.
There is a stone staircase leading down here.
Unknown command.
There is an open door here.
HP restored.
There is an open door here.
You enter the shallow water.
Moving in this stuff is going to be slow.
There is a staircase leading out of the dungeon here.
Are you sure you want to leave the Dungeon?
This will make you lose the game!
You have escaped!

........#################....#...
.......## ###.......### ##...#...
......## ##...........## ##......
......# ##....##'##....## #......
......# #...####.####...# #......
.....####..##.......##..####.....
.....# #...#..~~~~~..#...# #....#
#....# #..##.~~...~~.##..# #.....
####.# #..##.~~.@.~~.##..# #.....
.....# #..##.~~...~~.##..# #.....
.....# #...#..~~.~~..#...# #.....
.....####..##.[.....##..####.....
###...# #...#########...# #......
......# ##....#####....## #......
......## ##...........## ##......
.......## ###.......### ##.......
........########.########......#.


There were no monsters in sight!

Vanquished Creatures
  2 adders
  A worm (D:2)
  A dart slug (D:2)
  7 bats
  An endoplasm (D:2)
  2 giant cockroaches
  7 hobgoblins
  4 jackals
  7 kobolds
  2 quokkas
  9 ball pythons
  A frilled lizard (D:1)
  11 goblins
  5 rats
60 creatures vanquished.

Vanquished Creatures (others)
  An ogre (D:3)
  A goblin (D:3)
2 creatures vanquished.

Grand Total: 62 creatures vanquished

Notes
Turn   | Place    | Note
-------+----------+-------------------------------------------
     0 | D:1      | Alarkh the Demonspawn Chaos Knight began the quest for the
                  | Orb.
     0 | D:1      | Reached XP level 1. HP: 18/18 MP: 1/1
    64 | D:1      | Reached skill level 1 in Dodging
    77 | D:1      | Found a faded altar of an unknown god.
   177 | D:1      | Reached skill level 3 in Unarmed Combat
   248 | D:1      | Gained mutation: You are surrounded by a mild repulsion
                  | field. (EV +2) [demonic ancestry]
   248 | D:1      | Reached XP level 2. HP: 19/24 MP: 2/2
   321 | D:1      | XOM: noise
   478 | D:1      | XOM: silly message
   794 | D:2      | Reached XP level 3. HP: 26/29 MP: 3/3
   947 | D:2      | XOM: divination: detect creatures
  1041 | D:2      | You fall into a shaft and drop 1 floor!
  1158 | D:3      | Found a broken altar of Ashenzari.
  1238 | D:3      | XOM: 5-stop teleportation journey
  1309 | D:3      | Reached XP level 4. HP: 32/35 MP: 4/4
  1343 | D:3      | XOM: potion effect (invisibility)
  1390 | D:3      | Noticed an ogre
  1410 | D:3      | Killed an ogre
  1411 | D:3      | Reached skill level 4 in Unarmed Combat
  1411 | D:3      | Gained mutation: Your touch may inflict minor irresistible
                  | damage on your foes. [demonic ancestry]
  1411 | D:3      | Reached XP level 5. HP: 9/42 MP: 5/5
  1526 | D:$      | Got out of the dungeon alive.

Illustrated notes

Levels and vault maps discovered:
D:1:      dpeg_arrival_concentric_ovals, layout_basic,
          hellmonk_ecumenical_altar_pennies_from_heaven, st_stairs_4,
          minmay_indecisive_spiral
D:2:      layout_rooms, basic_altar
D:3:      layout_loops_ring, ashenzari_altar_1, minmay_ogre_servants

Skill      XL: |  1  2  3  4 |
---------------+-------------+-----
Dodging        | 1 2 |  2.3
Unarmed Combat | 3 4 |  4.3
Fighting       | |  3.9
Armour         | |  1.7

Action                     |  1- 3 |  4- 6 || total
---------------------------+-------+-------++-------
  Melee: Unarmed           |   217 |    54 ||   271
         Punch             |     5 |     1 ||     6
    Use: Scroll            |     1 |       ||     1
   Stab: Invisible         |       |     4 ||     4
 Armour: Leather armour    |   106 |    18 ||   124
  Dodge: Dodged            |   154 |    56 ||   210
